 Dungeon Crawl Stone Soup version 0.20.1-1-g8b1a95d (webtiles) character file.

109 equalderp2856 the Skirmisher (level 4, -5/35 HPs)
             Began as a Mummy Fighter on Sept 12, 2017.
             Slain by Rhok's ghost (7 damage)
             ... on level 3 of the Dungeon.
             The game lasted 00:02:23 (1385 turns).

equalderp2856 the Skirmisher (Mummy Fighter)        Turns: 1385, Time: 00:02:24

Health: -5/35      AC:  9    Str: 20    XL:     4   Next: 59%
Magic:  4/4        EV:  5    Int:  7    God:
Gold:   105        SH:  9    Dex: 11    Spells: 3/3 levels left

rFire    x . .     SeeInvis .   a - +0 war axe
rCold    + . .     Gourm    .   c - +0 shield
rNeg     + + +     Faith    .   j - +0 chain mail
rPois    ∞         Spirit   .   (no helmet)
rElec    .         Reflect  .   (no cloak)
rCorr    .         Harm     .   (no gloves)
MR       .....                  (no boots)
Stlth    ..........             (no amulet)
Regen    0.2/turn               (no ring)
MPRegen  0.1/turn               (no ring)

@: no status effects
A: no food or potions, fire vulnerability, cold resistance 1, negative energy
resistance 3, torment resistance, unbreathing
a: no special abilities


You were on level 3 of the Dungeon.
You were not hungry.

You visited 1 branch of the dungeon, and saw 3 of its levels.

You collected 105 gold pieces.

Inventory:

Hand Weapons
 a - a +0 war axe (weapon)
 i - a +5 spear
Armour
 b - a +0 scale mail
 c - a +0 shield (worn)
 j - a +0 chain mail (worn)
Jewellery
 d - an uncursed ring of wizardry {unknown}
 g - an uncursed ring of fire {unknown}
Scrolls
 e - a scroll of noise {unknown}
 f - 2 scrolls of identify {unknown}
 h - 2 scrolls of remove curse {unknown}


   Skills:
 + Level 3.5 Fighting
 + Level 2.7(2.8) Axes
 + Level 0.4(1.7) Polearms
 + Level 2.8 Armour
 + Level 0.4 Dodging
 + Level 2.8 Shields


You had 3 spell levels left.
You didn't know any spells.

Dungeon Overview and Level Annotations

Branches:
Dungeon (3/15)

Altars:
Dithmenos
Fedhas
Gozag

Annotations:
D:3 Rhok's ghost, weakling BaFi


Innate Abilities, Weirdness & Mutations

You do not eat or drink.
Your flesh is vulnerable to fire.
You are immune to poison.
Your flesh is cold resistant. (rC+)
You are immune to negative energy. (rN+++)
You are immune to unholy pain and torment.
You can survive without breathing.


Message History

* * * LOW HITPOINT WARNING * * *
You hit Rhok's ghost but do no damage.
Rhok's ghost is almost destroyed.
Rhok's ghost stares at you. You block Rhok's ghost's attack.
Rhok's ghost hits you but does no damage.
You hit Rhok's ghost but do no damage.
Rhok's ghost is almost destroyed.
Rhok's ghost hits you.
* * * LOW HITPOINT WARNING * * *
You hit Rhok's ghost.
Rhok's ghost is almost destroyed.
You block Rhok's ghost's attack.
You closely miss Rhok's ghost.
Rhok's ghost is almost destroyed.
You block Rhok's ghost's attack. x2
Your chain mail prevents you from hitting Rhok's ghost.
Rhok's ghost is almost destroyed.
Rhok's ghost hits you!
You die...

#(..#...... #.
#.........#. #.. #.
#........... ......
#...#.#.#)# ...#.
#...#.....#
...###.......#
#.#.........#
#...#.......# #
#.#.......@W#.#
#.#.#.)...........#
##.#.##........###.#
...............# #
.#.#....##.......
#.#....##.###.##
.##.#..[.##.# .#
........###.# .#
.##.≈...###.#


You could see Rhok's ghost.

Vanquished Creatures
  4 adders (D:2)
  An ooze (D:1)
  3 worms (D:2)
  2 leopard geckos
  An orc (D:3)
  A ball python (D:2)
  6 bats
  4 giant cockroaches
  7 goblins
  5 hobgoblins (D:1)
  6 jackals
  4 frilled lizards
  4 kobolds
  6 rats
54 creatures vanquished.

Notes
Turn   | Place    | Note
-------+----------+-------------------------------------------
     0 | D:1      | equalderp2856 the Mummy Fighter began the quest for the Orb.
     0 | D:1      | Reached XP level 1. HP: 18/18 MP: 1/1
   132 | D:1      | Reached XP level 2. HP: 24/24 MP: 2/2
   579 | D:1      | Reached XP level 3. HP: 24/29 MP: 3/3
   699 | D:2      | Found an opulent altar of Gozag.
   699 | D:2      | Found a shadowy altar of Dithmenos.
  1048 | D:2      | Reached XP level 4. HP: 33/35 MP: 4/4
  1335 | D:3      | Found a blossoming altar of Fedhas.
  1364 | D:3      | Noticed Rhok's ghost (weakling BaFi)
  1382 | D:3      | HP: 1/35 [Rhok's ghost (6)]
  1385 | D:3      | Slain by Rhok's ghost

Skill      XL: |  1  2 |
---------------+-------+-----
Axes           | 2 |  2.7
Fighting       | |  3.5
Polearms       | |  0.4
Armour         | |  2.8
Dodging        | |  0.4
Shields        | |  2.8

Action                   |  1- 3 |  4- 6 || total
-------------------------+-------+-------++-------
Melee: War axe           |   107 |    63 ||   170
       Spear             |    13 |       ||    13
Armor: Scale mail        |    82 |    13 ||    95
       Chain mail        |       |     8 ||     8
Dodge: Dodged            |    39 |    17 ||    56
Block: Shield            |    72 |    37 ||   109
